 Dungeon Crawl Stone Soup version 0.22.0 (webtiles) character file.

38832 CyclopB the Black Belt (level 14, -3/90 HPs)
             Began as an Octopode Monk on Jan 21, 2019.
             Was an Initiate of Gozag.
             Slain by a four-headed hydra (11 damage)
             ... on level 5 of the Lair of Beasts on Jan 22, 2019.
             The game lasted 02:29:30 (28963 turns).

CyclopB the Black Belt (Octopode Monk)             Turns: 28963, Time: 02:29:31

Health: -3/90      AC:  9    Str: 12    XL:     14   Next: 3%
Magic:  18/20      EV: 35    Int: 15    God:    Gozag
Gold:   1187       SH:  0    Dex: 21    Spells: 15/21 levels left

rFire    . . .     SeeInvis .     - Unarmed
rCold    + . .     Gourm    .   (no shield)
rNeg     + . .     Faith    .   (helmet restricted)
rPois    .         Spirit   .   y - amulet of the acrobat
rElec    .         Reflect  .   C - +3 ring of intelligence
rCorr    .         Harm     .   A - ring of flight
MR       ++...                  E - +3 ring of dexterity
Stlth    ++++......             L - ring "Qeteal" {rF+ MR+}
HPRegen  0.25/turn              o - ring of ice
MPRegen  0.17/turn              O - ring of positive energy
                                Q - ring of Robustness {AC+8}
                                (no ring)

@: about to teleport, very slightly contaminated
A: almost no armour, stealthy swim, amphibious, 8 rings, constrict 8, tentacle
spike 1, camouflage 1, sense surroundings 1, gelatinous body 1, subdued magic 1,
MP-powered wands
a: Potion Petition, Call Merchant, Bribe Branch, Renounce Religion, Evoke Flight


You were on level 5 of the Lair of Beasts.
You worshipped Gozag.
Gozag was most pleased with you.
You were very hungry.

You visited 3 branches of the dungeon, and saw 18 of its levels.
You also visited: Sewer, Ossuary and Volcano.

You collected 4367 gold pieces.
You spent 2505 gold pieces at shops.
You paid 675 gold pieces to Gozag.

Inventory:

Hand Weapons
 j - a +2 arbalest of flaming
 u - a +0 longbow of flaming
Missiles
 c - 302 arrows
 e - 369 stones (quivered)
 i - 3 throwing nets
 l - 152 sling bullets
Armour
 B - a +0 buckler
 J - a +0 shield
Jewellery
 o - a ring of ice (on tentacle)
 y - an amulet of the acrobat (around mantle)
 A - a ring of flight (right tentacle)
 C - a +3 ring of intelligence (left tentacle)
 E - a +3 ring of dexterity (on tentacle)
 L - the ring "Qeteal" (on tentacle) {rF+ MR+}
   (You bought it in a shop on level 10 of the Dungeon)

   [ring of protection from magic]

   It protects you from fire.
   It affects your resistance to hostile enchantments.
 O - a ring of positive energy (on tentacle)
 Q - the ring of Robustness (on tentacle) {AC+8}
   (You bought it in a shop on level 10 of the Dungeon)

   [ring of protection]

   It affects your AC (+8).
Wands
 k - a wand of paralysis (4)
 m - a wand of iceblast (10)
 M - a wand of enslavement (7)
 T - a wand of polymorph (11)
Scrolls
 d - a scroll of magic mapping {unknown}
 f - 6 scrolls of enchant armour
 g - 2 scrolls of blinking {unknown}
 h - 6 scrolls of identify
 n - 4 scrolls of teleportation
 r - 7 scrolls of immolation
 s - 3 scrolls of amnesia
 t - 13 scrolls of remove curse {unknown}
 F - a scroll of vulnerability {unknown}
 G - a scroll of fear
 H - a scroll of summoning {unknown}
 I - 3 scrolls of enchant weapon
 K - 2 scrolls of acquirement {unknown}
 N - a scroll of noise {unknown}
Potions
 b - 9 potions of curing
 p - a potion of agility
 q - 2 potions of might
 v - 2 potions of berserk rage
 w - 3 potions of cancellation
 x - 2 potions of lignification {unknown}
 z - 3 potions of haste
 D - 3 potions of flight
 P - a potion of resistance
 R - a potion of brilliance
 S - 2 potions of heal wounds
Miscellaneous
 U - a crystal ball of energy
Comestibles
 a - 20 rations


   Skills:
 - Level 6.0 Fighting
 - Level 8.0 Dodging
 - Level 5.0 Stealth
 - Level 17.0 Unarmed Combat
 - Level 4.0 Spellcasting
 * Level 11.7 Transmutations
 - Level 2.0 Ice Magic


You had 15 spell levels left.
You knew the following spells:

 Your Spells              Type           Power        Failure   Level  Hunger
a - Ice Form              Ice/Tmut       ####....     9%          4    ####...
b - Sticks to Snakes      Tmut           ####....     1%          2    ##.....

Your spell library contained the following spells:

 Spells                   Type           Power        Failure   Level  Hunger
 Bolt of Magma            Conj/Fire/Erth #.........   99%         5    ######.
 Mephitic Cloud           Conj/Pois/Air  #.......     43%         3    ###....
 Venom Bolt               Conj/Pois      #.........   99%         5    ######.
 Olgreb's Toxic Radiance  Pois           #.......     85%         4    ####...
 Animate Dead             Necr           N/A          85%         4    ####...
 Pain                     Necr           #...         16%         1    None
 Animate Skeleton         Necr           N/A          16%         1    None
 Vampiric Draining        Necr           #.........   43%         3    ###....
 Regeneration             Chrm/Necr      #.........   43%         3    ###....
 Sting                    Conj/Pois      #...         16%         1    None
 Iron Shot                Conj/Erth      #.........   100%        6    #######
 Spider Form              Tmut/Pois      ###.......   3%          3    ###....
 Blade Hands              Tmut           ####......   3%          5    ######.
 Orb of Destruction       Conj           #.........   100%        7    #######
 Shroud of Golubria       Chrm/Tloc      #.........   22%         2    ##.....
 Beastly Appendage        Tmut           ####..       1%          1    None
 Iskenderun's Battlesphe  Conj/Chrm      #.......     99%         5    ######.
 Infusion                 Chrm           #...         16%         1    None
 Song of Slaying          Chrm           #.......     22%         2    ##.....
 Spectral Weapon          Hex/Chrm       #.......     43%         3    ###....
 Spellforged Servitor     Conj/Summ      #.........   100%        7    #######
 Poisonous Vapours        Pois/Air       #.....       22%         2    ##.....


Dungeon Overview and Level Annotations

Branches:
Dungeon (12/15)            Temple (1/1) D:7            Lair (5/6) D:10
 Shoals (0/4) Lair:3        Snake (0/4) Lair:2        Slime (0/5) Lair:5
    Orc (0/2) D:11

Altars:
Ashenzari
Cheibriados
Dithmenos
Elyvilon
Fedhas
Gozag
Hepliaklqana
Kikubaaqudgha
Makhleb
Nemelex Xobeh
Okawaru
Qazlal
Ru
Sif Muna
Trog
Uskayaw
Vehumet
Wu Jian
Xom
Yredelemnul
Zin
The Shining One
Jiyva

Shops:
D:5 %   D:7 %   D:10 =   D:11 [

Annotations:
D:12 exclusion: cyclops, Fannar
Lair:5 2 transporters, 1 runed door, Wiaj's ghost, journeyman CeIE


Innate Abilities, Weirdness & Mutations

You cannot wear most types of armour.
You are very stealthy in the water. (Stealth+)
You are amphibious.
You can wear up to eight rings at the same time.
You can use your tentacles to constrict eight enemies at once.
Your skin changes colour to match your surroundings (Stealth+).
Your rubbery body absorbs attacks. (AC +1, EV +1)
One of your tentacles bears a spike.
You passively map a small area around you.
Your spells are a little easier to cast, but a little less powerful.
You expend magic power (3 MP) to strengthen your wands.


Message History

The four-headed hydra bites you!
* * * LOW HITPOINT WARNING * * *
The four-headed hydra bites you.
* * * LOW HITPOINT WARNING * * *
As you read the scroll of teleportation, it crumbles to dust.
You feel strangely unstable.
The four-headed hydra completely misses you.
The four-headed hydra barely misses you.
The four-headed hydra bites you!
* * * LOW HITPOINT WARNING * * *
The four-headed hydra barely misses you.
Okay, then.
Unknown command.
Unknown command.
Unknown command.
Unknown command.
The four-headed hydra completely misses you. x2
The four-headed hydra bites you!
You die...
Your body crumbles into a pile of gold.

≈≈≈≈≈≈≈≈≈≈..P♣♣.................P
♣≈P♣♣≈≈≈≈≈...♣♣.............>...#
♣♣♣♣♣≈≈≈≈≈...♣♣♣.................
≈PP≈≈≈≈≈≈....♣♣..................
.≈≈≈≈≈≈≈.....♣♣.................#
P≈≈≈≈≈≈.....♣♣♣.................#
≈≈≈≈≈.......♣ ♣♣................
≈≈≈≈≈≈.....P♣ ♣.D...........##.
≈≈≈≈≈≈≈....♣♣ ♣@...............
≈≈≈≈≈≈≈....♣ ♣♣................
≈≈≈≈≈≈≈...♣♣ ♣♣.................
≈≈≈≈≈≈...P♣ ♣..................
≈≈≈≈≈≈...♣♣ ♣♣..................
.≈≈≈≈...♣♣ ♣...................
........♣ ♣♣♣......##...........
.......♣♣♣♣.......#.............
...)....♣.♣......###............#


You could see a four-headed hydra.

Vanquished Creatures
  4 hydras
  A death yak (Lair:5)
  The ghost of spsoon the Grappler, a novice TrHu (D:7)
  A sun demon (Volcano)
  A hell knight (Volcano)
  Pikel (D:6)
  An ugly thing (Volcano)
  A manticore (Lair:2)
  8 elephants
  5 black mambas
  3 gargoyles
  Psyche (D:12)
  A molten gargoyle (Volcano)
  9 spiny frogs
  2 kobold demonologists (D:12)
  4 rime drakes
  5 komodo dragons
  A merfolk (D:10)
  A queen bee (Lair:2)
  2 trolls
  A hornet (D:11)
  A polar bear (Lair:4)
  17 blink frogs
  4 hippogriffs
  5 wyverns
  2 fire bats (Volcano)
  21 yaks
  3 basilisks (Lair:1)
  2 hungry ghosts
  7 nagas
  A hell hound (Volcano)
  10 water moccasins
  9 porcupines
  4 orc warriors
  An ice beast (D:5)
  3 ogres
  2 phantoms
  A sky beast (D:11)
  4 centaurs
  7 wolves
  12 crocodiles
  Blork the orc (D:5)
  2 big kobolds
  12 bullfrogs
  A gnoll sergeant (D:7)
  2 scorpions
  27 killer bees
  7 wights
  An electric eel (D:10)
  3 howler monkeys (D:8)
  7 lava snakes (Volcano)
  5 crimson imps
  A bullfrog zombie (D:6)
  2 centaur zombies
  6 orc priests
  3 hounds
  4 jellies
  17 orc wizards
  A bullfrog skeleton (D:5)
  Crazy Yiuf (D:6)
  2 centaur skeletons
  2 iguanas
  Ijyb (D:3)
  Natasha (twice) (D:2)
  9 worker ants
  A hell rat (Lair:2)
  A hound zombie (D:3)
  2 hound skeletons (D:6)
  9 mummies
  A worker ant zombie (D:5)
  Robin (D:2)
  9 gnolls
  18 adders
  A river rat (Lair:2)
  4 shadow imps
  16 oozes (Sewer)
  An adder skeleton (D:4)
  A worm (D:4)
  6 dart slugs
  14 leopard geckos
  26 orcs
  13 ball pythons
  6 giant cockroaches
  6 hobgoblins
  17 jackals
  2 quokkas
  9 bats
  10 frilled lizards
  A gnoll zombie (Ossuary)
  14 goblins
  A hobgoblin zombie (Ossuary)
  A jackal skeleton (D:6)
  16 kobolds
  5 kobold zombies (Ossuary)
  2 leopard gecko skeletons (D:5)
  A leopard gecko zombie (D:5)
  An orc zombie (Ossuary)
  14 rats
  A plant (D:11)
520 creatures vanquished.

Vanquished Creatures (collateral kills)
  A manticore (Lair:3)
  A cyclops (D:12)
2 creatures vanquished.

Vanquished Creatures (others)
  4 fungi
  2 plants
  8 toadstools (Lair:5)
14 creatures vanquished.

Grand Total: 536 creatures vanquished

Notes
Turn   | Place    | Note
-------+----------+-------------------------------------------
     0 | D:1      | CyclopB the Octopode Monk began the quest for the Orb.
     0 | D:1      | Reached XP level 1. HP: 16/16 MP: 1/1
   138 | D:1      | Reached XP level 2. HP: 9/21 MP: 2/2
   524 | D:1      | Reached skill level 4 in Unarmed Combat
   651 | D:1      | Reached XP level 3. HP: 14/26 MP: 3/3
  1718 | D:2      | Noticed Robin
  1722 | D:2      | Reached XP level 4. HP: 23/31 MP: 4/4
  1859 | D:2      | Killed Robin
  1859 | D:2      | Reached skill level 5 in Unarmed Combat
  2347 | D:2      | Noticed Natasha
  2350 | D:2      | Killed Natasha
  2350 | D:2      | Reached XP level 5. HP: 25/36 MP: 5/5
  2357 | D:2      | Noticed Natasha
  2369 | D:2      | Killed Natasha
  2369 | D:2      | Reached skill level 6 in Unarmed Combat
  3350 | D:3      | Noticed Ijyb
  3362 | D:3      | Killed Ijyb
  3362 | D:3      | Reached XP level 6. HP: 35/42 MP: 6/6
  4077 | D:4      | Reached skill level 7 in Unarmed Combat
  4634 | D:5      | Entered Level 5 of the Dungeon
  4662 | D:5      | Found Resegruz's Food Shop.
  4674 | D:5      | Noticed an ice beast
  5010 | D:5      | Noticed a slave
  5010 | D:5      | Noticed Pikel
  5010 | D:5      | Noticed a slave
  5010 | D:5      | Noticed a slave
  5030 | D:6      | Reached XP level 7. HP: 46/46 MP: 7/7
  5047 | D:6      | Found a glowing drain.
  5059 | Sewer    | Entered a sewer
  5120 | Sewer    | Reached skill level 8 in Unarmed Combat
  5772 | D:6      | Reached skill level 9 in Unarmed Combat
  5798 | D:6      | Found an ornate altar of the Wu Jian Council.
  5806 | D:6      | Found a sand-covered staircase.
  5812 | Ossuary  | Entered an ossuary
  6121 | Ossuary  | Reached XP level 8. HP: 52/52 MP: 8/8
  6884 | D:6      | Found a runed door.
  7113 | D:6      | Reached skill level 10 in Unarmed Combat
  7514 | D:7      | Gained mutation: One of your tentacles bears a spike. [potion of mutation]
  7514 | D:7      | Gained mutation: You expend magic power (3 MP) to strengthen your wands. [potion of mutation]
  7514 | D:7      | Gained mutation: Your spells are a little easier to cast, but a little less powerful. [potion of mutation]
  7514 | D:7      | Gained mutation: You passively map a small area around you. [potion of mutation]
  7823 | D:7      | Found Becomoy's Food Emporium.
  7973 | D:7      | Found a staircase to the Ecumenical Temple.
  7982 | Temple   | Entered the Ecumenical Temple
  8092 | Temple   | Became a worshipper of Gozag Ym Sagoz the Greedy
  8346 | D:7      | Reached skill level 11 in Unarmed Combat
  8497 | D:7      | Found a runed gate.
  8498 | D:7      | Found an opulent altar of Gozag.
  8499 | D:7      | Found a runed gate.
  8499 | D:7      | Found a runed gate.
  8499 | D:7      | Noticed spsoon's ghost (novice TrHu)
  8920 | D:5      | Reached XP level 9. HP: 44/56 MP: 9/9
  8966 | D:6      | Killed Pikel
  9035 | D:5      | Noticed Blork the orc
  9091 | D:5      | Killed Blork the orc
 10488 | D:8      | Reached XP level 10. HP: 63/63 MP: 10/10
 11694 | D:7      | Reached skill level 12 in Unarmed Combat
 12400 | D:9      | Found a glowing golden altar of the Shining One.
 13067 | D:9      | Found a shimmering altar of Xom.
 13274 | D:10     | Entered Level 10 of the Dungeon
 13456 | D:10     | Found a staircase to the Lair.
 13459 | D:10     | Reached skill level 13 in Unarmed Combat
 13688 | D:10     | Reached skill level 5 in Fighting
 13773 | D:10     | Noticed a gargoyle
 14496 | D:11     | Reached XP level 11. HP: 72/72 MP: 11/11
 14644 | D:11     | Found Paidwoj's Antique Armour Emporium.
 14783 | D:11     | Reached skill level 14 in Unarmed Combat
 15031 | D:11     | Found a staircase to the Orcish Mines.
 15496 | Lair:1   | Entered Level 1 of the Lair of Beasts
 15642 | D:10     | Bought the ring "Qeteal" {rF+ MR+} for 585 gold pieces
 15662 | Lair:1   | Learned a level 4 spell: Ice Form
 16945 | Lair:1   | Reached skill level 15 in Unarmed Combat
 17081 | Lair:1   | Reached skill level 5 in Stealth
 17811 | Lair:2   | Reached XP level 12. HP: 52/79 MP: 12/12
 17955 | Lair:2   | Reached skill level 16 in Unarmed Combat
 18721 | Lair:2   | Noticed a seven-headed hydra
 19495 | Lair:2   | Found a staircase to the Snake Pit.
 19554 | Lair:2   | Noticed a seven-headed hydra
 19563 | Lair:2   | Killed a seven-headed hydra
 19888 | Lair:3   | Learned a level 2 spell: Sticks to Snakes
 19905 | Lair:3   | Reached skill level 17 in Unarmed Combat
 19931 | Lair:3   | Reached skill level 1 in Transmutations
 20065 | Lair:3   | Found a dark tunnel.
 20325 | Volcano  | Entered a volcano
 20455 | Volcano  | Reached skill level 1 in Spellcasting
 20889 | Volcano  | Found a burning altar of Makhleb.
 20889 | Volcano  | Noticed a sun demon
 21403 | Volcano  | Reached skill level 5 in Transmutations
 21565 | Volcano  | Killed a sun demon
 21810 | Lair:3   | Found a staircase to the Shoals.
 21849 | Lair:3   | Reached XP level 13. HP: 83/83 MP: 16/16
 23542 | D:10     | Bought the ring of Robustness {AC+8} for 1920 gold pieces
 23542 | D:10     | Found the ring of Robustness {AC+8}
 25166 | Lair:5   | Found a viscous altar of Jiyva.
 25166 | Lair:5   | Found a staircase to the Slime Pits.
 25357 | Lair:5   | Found a transporter.
 25358 | Lair:5   | Noticed Wiaj's ghost (journeyman CeIE)
 25364 | Lair:5   | Found a transporter.
 26468 | D:6      | Noticed Crazy Yiuf
 26474 | D:6      | Killed Crazy Yiuf
 26575 | D:7      | Killed spsoon's ghost
 26575 | D:7      | Reached skill level 10 in Transmutations
 26575 | D:7      | Reached skill level 1 in Ice Magic
 26819 | D:12     | Noticed Psyche
 26820 | D:12     | Killed Psyche
 27547 | D:12     | Noticed Fannar
 28370 | Lair:2   | Reached XP level 14. HP: 48/90 MP: 20/20
 28884 | Lair:5   | Found a runed door.
 28963 | Lair:5   | Slain by a four-headed hydra

Skill      XL: |  1  2  3  4  5  6  7  8  9 10 11 12 13 |
---------------+----------------------------------------+-----
Unarmed Combat | 4 5 6 7 9 11 13 15 17 | 17.0
Stealth        | 4 5 |  5.0
Dodging        | 8 |  8.0
Fighting       | 5 6 |  6.0
Transmutations | 6 11 | 11.7
Spellcasting   | 2 4 |  4.0
Ice Magic      | 2 |  2.0

Action                   |  1- 3 |  4- 6 |  7- 9 | 10-12 | 13-15 || total
-------------------------+-------+-------+-------+-------+-------++-------
Melee: Unarmed           |    72 |   153 |   366 |   610 |   371 ||  1572
       Constrict         |    24 |    44 |    68 |    83 |    34 ||   253
       Tentacles         |    11 |    25 |    84 |   141 |    83 ||   344
       Punch             |     1 |     6 |    15 |    82 |    50 ||   154
       Kick              |       |       |    54 |   259 |   119 ||   432
 Fire: Longbow           |       |       |       |       |     2 ||     2
Throw: Stone             |     7 |    17 |   306 |   295 |   119 ||   744
       Throwing net      |       |       |       |     1 |       ||     1
 Cast: Sticks to Snakes  |       |       |       |     7 |     7 ||    14
       Ice Form          |       |       |       |       |     4 ||     4
Invok: Call Merchant     |       |       |       |     1 |       ||     1
 Abil: Evoke Flight      |       |       |       |     3 |       ||     3
Evoke: Wand              |       |       |     4 |     8 |     1 ||    13
  Use: Scroll            |       |     3 |     4 |     7 |     2 ||    16
       Potion            |       |       |    11 |     5 |       ||    16
 Stab: Sleeping          |     3 |    19 |     9 |    23 |    11 ||    65
       Distracted        |     1 |     1 |     1 |     7 |     3 ||    13
       Paralysed         |       |       |     4 |     6 |       ||    10
       Held in net/web   |       |       |       |     1 |       ||     1
  Eat: Chunk             |     2 |    11 |     9 |     2 |       ||    24
       Ration            |       |       |     3 |    10 |     7 ||    20
Armor: Skin              |     6 |     7 |     7 |     7 |    57 ||    84
Dodge: Dodged            |    44 |    86 |   227 |   341 |   277 ||   975
